 Dungeon Crawl Stone Soup version 0.24-a0-182-gc7eaa07895 (webtiles) character file.

Game seed: 9288778238123280651

21 MrRokkomies the Sneak (level 2, -6/20 HPs)
             Began as an Octopode Assassin on Mar 15, 2019.
             Mangled by a kobold
             ... wielding a +2 dagger of electrocution
              (20 damage)
             ... on level 1 of the Dungeon.
             The game lasted 00:01:48 (627 turns).

MrRokkomies the Sneak (Octopode Assassin)            Turns: 627, Time: 00:01:48

Health: -6/20      AC:  1    Str: 10    XL:     2   Next: 83%
Magic:  2/2        EV: 13    Int: 13    God:
Gold:   13         SH:  0    Dex: 13    Spells: 1/1 levels left

rFire    . . .     SeeInvis .   a - +2 dagger
rCold    . . .     Gourm    .   (no shield)
rNeg     . . .     Faith    .   (helmet restricted)
rPois    .         Spirit   .   (no amulet)
rElec    .         Reflect  .   (no ring)
rCorr    .         Harm     .   (no ring)
MR       .....                  (no ring)
Stlth    ++++......             (no ring)
HPRegen  0.06/turn              (no ring)
MPRegen  0.08/turn              (no ring)
                                (no ring)
                                (no ring)

@: no status effects
A: almost no armour, stealthy swim, amphibious, 8 rings, constrict 8, camouflage
1, gelatinous body 1
a: no special abilities


You were on level 1 of the Dungeon.
You were not hungry.

You visited 1 branch of the dungeon, and saw 1 of its levels.

You collected 13 gold pieces.

Inventory:

Hand Weapons
 a - a +2 dagger (weapon)
 b - a +0 blowgun
Missiles
 c - 8 poisoned needles
 d - 2 curare-tipped needles
 i - 4 stones (quivered)
Scrolls
 e - a scroll of noise {unknown}
 g - a scroll of remove curse {unknown}
 h - a scroll of enchant weapon {unknown}
 j - 2 scrolls of identify {unknown}
 k - a scroll of teleportation {unknown}
Comestibles
 f - 3 rations


   Skills:
 * Level 2.5 Fighting
 - Level 2.0 Short Blades
 * Level 2.5 Throwing
 - Level 1.0 Dodging
 + Level 5.5 Stealth


You had one spell level left.
You didn't know any spells.
Your spell library was empty.

Dungeon Overview and Level Annotations

Branches:
Dungeon (1/15)

Altars:


Innate Abilities, Weirdness & Mutations

You cannot wear most types of armour.
You are very stealthy in the water. (Stealth+)
You are amphibious.
You can wear up to eight rings at the same time.
You can use your tentacles to constrict eight enemies at once.
Your skin changes colour to match your surroundings (Stealth+).
Your rubbery body absorbs attacks. (AC +1, EV +1)


Message History

You hear a shout!
A bat comes into view.
The ball python closely misses you. The ball python barely misses you.
You hit the ball python. Your grab misses the ball python.
The ball python is moderately wounded.
The ball python bites you. The ball python grabs you.
The ball python constricts you.
You hit the ball python.
You kill the ball python!
You barely miss the goblin. You grab the goblin. You constrict the goblin.
The goblin barely misses you. The kobold barely misses you.
You hit the goblin.
You kill the goblin!
The bat barely misses you. x2
You barely miss the bat. Your grab misses the bat.
The bat hits you but does no damage.
The kobold hits you with a +2 dagger of electrocution.
You are electrocuted!!
Ouch! That really hurt!
You die...

##### ##### ...?..
###### #...#
......####....# #...#
........##....# #...#
......#..#....# #...#
.....g)@(.....# #...#
.....bK^......######...#
......g....####...##...#
..............'...+....'
...#######.####...#....#
.. #.....##.#..... #
#.....#........
#.....#..#####.
##....#..# #.


You could see 2 goblins, a bat and a kobold.

Vanquished Creatures
  An adder zombie (D:1)
  A leopard gecko (D:1)
  2 giant cockroaches (D:1)
  3 goblins (D:1)
  3 hobgoblins (D:1)
  A ball python (D:1)
  A jackal zombie (D:1)
  3 kobolds (D:1)
  A rat (D:1)
16 creatures vanquished.

Notes
Turn   | Place    | Note
-------+----------+-------------------------------------------
     0 | D:1      | MrRokkomies the Octopode Assassin began the quest for the
                  | Orb.
     0 | D:1      | Reached XP level 1. HP: 14/14 MP: 1/1
    89 | D:1      | Reached XP level 2. HP: 11/19 MP: 2/2
   627 | D:1      | Mangled by a kobold

Levels and vault maps discovered:
D:1:      saegor_arrival_fortress, layout_basic

Action                   || total
-------------------------++-------
Melee: Dagger            ||    36
       Constrict         ||     7
       Tentacles         ||     5
Throw: Stone             ||     5
 Stab: Sleeping          ||     5
Armor: Skin              ||     5
Dodge: Dodged            ||    23

Table legend:
 A = Non-vault XP
 B = Vault XP
 C = Vault XP percentage of total XP
 D = Non-vault monster count
 E = Vault monster count
 F = Vault count percentage of total count
                 A         B        C        D         E       F
            +---------+---------+-------+---------+---------+-------
      Total |      24 |       6 |  20.0 |      14 |       2 |  12.5
            +---------+---------+-------+---------+---------+-------
        D:1 |      24 |       6 |  20.0 |      14 |       2 |  12.5
            +---------+---------+-------+---------+---------+-------
